 Dungeon Crawl Stone Soup version 0.28-a0-589-g333b8329f1 (webtiles) character file.

Game seed: 3843949620114666302

14 kipponium the Covert (level 2, -1/29 HPs)
             Began as a Gnoll Delver on Oct 3, 2021.
             Slain by a bullfrog skeleton (3 damage)
             ... on level 4 of the Dungeon.
             The game lasted 00:03:14 (339 turns).

kipponium the Covert (Gnoll Delver)                  Turns: 339, Time: 00:03:14

Health: -1/29      AC:  4    Str: 11    XL:     2   Next: 41%
Magic:  2/2        EV: 13    Int: 15    God:
Gold:   33         SH:  0    Dex: 13    Spells: 1/1 levels left

rFire   . . .      SeeInvis .   a - +0 falchion
rCold   . . .      Faith    .   (no shield)
rNeg    . . .      Spirit   .   b - +0 leather armour
rPois   .          Reflect  .   l - +0 helmet
rElec   .          Harm     .   (no cloak)
rCorr   .          Rampage  .   (no gloves)
Will    .....                   (no boots)
Stlth   ++++......              (no amulet)
HPRegen 0.09/turn               k - +6 ring of intelligence
MPRegen 0.08/turn               (no ring)

@: no status effects
A: fangs 1, strong nose, distributed training
a: no special abilities


You were on level 4 of the Dungeon.
You visited 1 branch of the dungeon, and saw 2 of its levels.

You collected 33 gold pieces.

Inventory:

Hand Weapons
 a - a +0 falchion (weapon)
Missiles
 i - 10 stones (quivered)
Armour
 b - a +0 leather armour (worn)
 l - a +0 helmet (worn)
Jewellery
 k - a +6 ring of intelligence (left hand)
Wands
 g - a wand of digging (1)
Scrolls
 c - a scroll of fog
 h - a scroll of identify {unknown}
 m - 2 scrolls of enchant weapon {unknown}
Potions
 d - a potion of curing {unknown}
 f - a potion of haste
 j - a potion of attraction {unknown}


   Skills:
 + Level 6.5 Fighting
 + Level 0.4 Short Blades
 + Level 4.5 Long Blades
 + Level 0.4 Axes
 + Level 0.4 Maces & Flails
 + Level 0.4 Polearms
 + Level 0.4 Staves
 + Level 0.4 Slings
 + Level 0.4 Bows
 + Level 0.4 Crossbows
 + Level 0.4 Throwing
 + Level 0.4 Armour
 + Level 4.5 Dodging
 + Level 9.5 Stealth
 + Level 0.4 Shields
 + Level 0.4 Unarmed Combat
 + Level 0.4 Spellcasting
 + Level 0.2 Conjurations
 + Level 0.2 Hexes
 + Level 0.2 Summonings
 + Level 0.2 Necromancy
 + Level 0.2 Translocations
 + Level 0.2 Transmutations
 + Level 0.2 Fire Magic
 + Level 0.2 Ice Magic
 + Level 0.2 Air Magic
 + Level 0.2 Earth Magic
 + Level 0.2 Poison Magic
 + Level 0.5 Invocations
 + Level 0.4 Evocations


You had one spell level left.
You didn't know any spells.
Your spell library was empty.

Dungeon Overview and Level Annotations

Branches:
Dungeon (5/15)
 Temple: D:4-7

Altars:
Gozag
Zin


Innate Abilities, Weirdness & Mutations

You have very sharp teeth.
Your uncanny sense of smell can sniff out nearby items.
Your experience applies equally to all skills.


Message History

Found 2 gold pieces.
Found a glowing silver altar of Zin.
There is an open door here.
The iguana misses you. The bullfrog skeleton hits you.
The iguana barely misses you.
The bullfrog skeleton barely misses you.
The orc hits you but does no damage. x2
As you read the scroll of fear, it crumbles to dust.
You assume a fearsome visage.
The iguana looks frightened!
The orc looks frightened! x2; The bullfrog skeleton is unaffected.
You hit the orc.
The orc is heavily wounded.
The bullfrog skeleton misses you. The orc hits you with a +0 short sword.
You hit the orc.
You kill the orc!
The bullfrog skeleton misses you.
The bullfrog skeleton closely misses you.
The bullfrog skeleton barely misses you.
There is an open door here.
Things that are here:
a +0 short sword; an orc corpse The bullfrog skeleton hits you.
The bullfrog skeleton hits you. The bullfrog skeleton hits you.
You open the door. The bullfrog skeleton hits you.
* * * LOW HITPOINT WARNING * * *
There is an open door here.
You slash the bullfrog skeleton!
The bullfrog skeleton is moderately damaged.
The bullfrog skeleton closely misses you.
The bullfrog skeleton hits you.
* * * LOW HITPOINT WARNING * * *
You slash the bullfrog skeleton! You bite the bullfrog skeleton.
The bullfrog skeleton is heavily damaged.
The bullfrog skeleton hits you.
* * * LOW HITPOINT WARNING * * *
Okay, then.
You hit the bullfrog skeleton.
The bullfrog skeleton is severely damaged.
The bullfrog skeleton hits you.
You die...

###'#.....#...#............#.
#.(.....########........###.
#.......#......#........#...
#.......#......#........#...
#.......#......#........'...
#..............#........#...
#....#####.....#........#...
####)###...#Z######.......#...
#.....#.._.#.@....#.......#...
#.....#5..$#......#.......#...
#.....o..$$#......#.......#...
#.....#...$#......#.......#...
#######l._.########.......####
#...# ######### ####


You could see a bullfrog skeleton.

Vanquished Creatures
  An adder (D:4)
  An orc (D:4)
  An endoplasm (D:4)
  A quokka (D:4)
4 creatures vanquished.

Notes
Turn   | Place    | Note
-------+----------+-------------------------------------------
     0 | D:5      | Reached skill level 9 in Stealth
     0 | D:5      | kipponium the Gnoll Delver began the quest for the Orb.
     0 | D:5      | Reached XP level 1. HP: 23/23 MP: 1/1
    36 | D:4      | Reached XP level 2. HP: 29/29 MP: 2/2
    39 | D:4      | Noticed an ogre
   317 | D:4      | Found an opulent altar of Gozag.
   318 | D:4      | Found a glowing silver altar of Zin.
   339 | D:4      | Slain by a bullfrog skeleton

Illustrated notes

Levels and vault maps discovered:
D:4:      layout_gridville, grunt_temple_overflow_gold_and_silver, uniq_ijyb
D:5:      layout_basic, nemelex_spade_bored_becter, kennysheep_little_box,
          enter_ossuary_1

Skill      XL: | |
---------------+-+-----
Stealth        | |  9.5
Fighting       | |  6.5
Short Blades   | |  0.4
Long Blades    | |  4.5
Axes           | |  0.4
Maces & Flails | |  0.4
Polearms       | |  0.4
Staves         | |  0.4
Slings         | |  0.4
Bows           | |  0.4
Crossbows      | |  0.4
Throwing       | |  0.4
Armour         | |  0.4
Dodging        | |  4.5
Shields        | |  0.4
Unarmed Combat | |  0.4
Spellcasting   | |  0.4
Conjurations   | |  0.2
Hexes          | |  0.2
Summonings     | |  0.2
Necromancy     | |  0.2
Translocations | |  0.2
Transmutations | |  0.2
Fire Magic     | |  0.2
Ice Magic      | |  0.2
Air Magic      | |  0.2
Earth Magic    | |  0.2
Poison Magic   | |  0.2
Invocations    | |  0.5
Evocations     | |  0.4

Action                   || total
-------------------------++-------
Melee: Falchion          ||    10
       Bite              ||     1
Evoke: Wand              ||     2
  Use: Scroll            ||     2
 Stab: Sleeping          ||     2
Armor: Leather armour    ||     2
Dodge: Dodged            ||    11

Table legend: (Time is in decaauts)
 A = Elapsed time spent in this place.
 B = Non-inter-level travel time spent in this place.
 C = Inter-level travel time spent in this place.
 D = Time resting spent in this place.
 E = Time spent auto-exploring this place.
 F = Levels seen in this place.
 G = Mean time per level.
                   A        B        C        D        E       F      G
               +--------+--------+--------+--------+--------+-----+--------+
         Total |    338 |    338 |      0 |      0 |      0 |   2 |  169.0 |
       Dungeon |    338 |    338 |      0 |      0 |      0 |   2 |  169.0 |
               +--------+--------+--------+--------+--------+-----+--------+

Top non-repeatable levels by time:
     D:4: 314 daAuts
     D:5: 24 daAuts
